 Dungeon Crawl Stone Soup version 0.30-a0-852-g08b95dd62f (webtiles) character file.

Game seed: 4191990747880067139

869 jimonade the Ducker (level 8, 0/54 (58) HPs)
             Began as a Djinni Warper on Mar 5, 2023.
             Was an Initiate of Okawaru.
             Splashed by a jelly's acid (7 damage)
             ... on level 6 of the Dungeon.
             The game lasted 00:09:06 (5977 turns).

jimonade the Ducker (Djinni Warper)                 Turns: 5977, Time: 00:09:06

HP:   0/54 (58)     AC: -1    Str: 12    XL:     8   Next: 24%
Gold: 258           EV: 12    Int: 16    God:    Okawaru [......] SH:  0 Dex: 12

rFire   + + .      SeeInvis .    a - +2 dagger (venom)
rCold   x . .      Faith    .    (no shield)
rNeg    . . .      Spirit   .    E - +0 leather armour
rPois   ∞          Reflect  .    (no helmet)
rElec   .          Rampage  .    (no cloak)
rCorr   .                        p - +2 pair of gloves
Will    .....                    (boots unavailable)
Stlth   +                        (no amulet)
HPRegen 0.29/turn                (no ring)
MPRegen 0.00/turn                (no ring)

@: corroded, flying, drained
A: sickness immunity, fire resistance 2, cold vulnerability 1, float, innate
caster, HP casting, extra vitality 1
a: Renounce Religion


You were on level 6 of the Dungeon.
You worshipped Okawaru.
Okawaru was noncommittal.
You visited 1 branch of the dungeon, and saw 6 of its levels.

You collected 258 gold pieces.

Inventory:

Hand Weapons
 a - a +2 dagger of venom (weapon)
 b - a +2 hand axe of flaming
 i - a +0 whip
 l - a +0 short sword
 u - a +0 dagger of draining
 w - a +0 morningstar
Missiles
 d - 7 boomerangs of dispersal
 g - 15 poisoned darts
Armour
 p - a +2 pair of gloves (worn)
 B - a +0 chain mail
 C - a +0 ring mail
 E - a +0 leather armour (worn)
Scrolls
 c - 3 scrolls of blinking
 h - a scroll of torment {unknown}
 k - 3 scrolls of teleportation {unknown}
 n - 2 scrolls of fear {unknown}
 r - a scroll of immolation {unknown}
 s - a scroll of enchant weapon {unknown}
 y - 4 scrolls of identify
 D - a scroll of poison {unknown}
 F - a scroll of enchant armour {unknown}
 G - a scroll of vulnerability {unknown}
 I - a scroll of amnesia {unknown}
Potions
 e - a potion of haste {unknown}
 f - 3 potions of invisibility
 j - 3 potions of brilliance
 m - 4 potions of lignification
 o - 2 potions of mutation
 q - 7 potions of curing {unknown}
 t - a potion of degeneration {unknown}
 v - 2 potions of might {unknown}
 x - a potion of cancellation {unknown}
 z - a potion of heal wounds {unknown}
 A - a potion of berserk rage {unknown}
 H - a potion of magic {unknown}


   Skills:
 + Level 3.9 Fighting
 + Level 3.1 Short Blades
 + Level 2.8 Axes
 + Level 0.7 Throwing
 + Level 3.4 Armour
 + Level 4.1 Dodging
 + Level 0.9 Stealth
 * Level 4.0 Spellcasting


You knew the following spells:

 Your Spells              Type           Power      Damage    Failure   Level
a - Blink                 Tloc           32%        N/A       6%          2
b - Lesser Beckoning      Tloc           32%        N/A       6%          2
c - Vhi's Electric Charg  Tloc/Air       32%        N/A       12%         3
d - Teleport Other        Tloc           16%        N/A       12%         3
e - Manifold Assault      Tloc           16%        N/A       38%         4
f - Kiss of Death         Conj/Necr      64%        2d10      4%          1
g - Call Imp              Summ           16%        N/A       6%          2
h - Ensorcelled Hibernat  Hex/Ice        32%        N/A       6%          2
Your spell library was empty.

Dungeon Overview and Level Annotations

Branches:
Dungeon (6/15)             Temple (0/1) D:6

Altars:
Hepliaklqana
Okawaru
Qazlal
The Shining One

Annotations:
D:5 2 transporters, bande's ghost, amateur GrFi


Innate Abilities, Weirdness & Mutations

You are immune to sickness and miasma.
You are immune to poison.
Your flesh is very heat resistant. (rF++)
You are vulnerable to cold. (rC-)
You float through the air rather than walking.
You learn spells naturally, not from books.
Your magical power is your life essence.
You have superior vitality. (+4 MHP)


Message History

No target in view!
You reach down and open the door.
There is an open door here.
I - a scroll labelled DOCKYS LAODDAEVU
There is an open door here.
A jelly comes into view.
The jelly quivers.
The jelly attacks as you move away! The jelly hits you but does no damage.
Casting: Kiss of Death (safe; 4% risk of failure)
Confirm with . or Enter, or press ? or * to list all spells.
Okay, then.
Unknown command.
You hit the jelly.
Your hands burn!
The jelly is moderately wounded.
The jelly closely misses you.
You hit the jelly.
Your hands burn!
The jelly is moderately wounded.
The jelly hits you but does no damage.
You hit the jelly.
Your hands burn!
The jelly is heavily wounded.
The jelly hits you. The acid corrodes you!
You are splashed with acid!
You hit the jelly.
Your hands burn!
The jelly is severely wounded.
The jelly hits you but does no damage.
You hit the jelly.
Your hands burn!
The jelly is severely wounded.
You hit the jelly but do no damage. The acid corrodes you!
Your hands burn!
The jelly is severely wounded.
The jelly hits you.
You are splashed with acid.
You hit the jelly but do no damage.
Your hands burn!
* * * LOW HITPOINT WARNING * * *
The jelly is severely wounded.
The jelly misses you.
You hit the jelly but do no damage.
Your hands burn!
* * * LOW HITPOINT WARNING * * *
The jelly is severely wounded.
The jelly hits you.
* * * LOW HITPOINT WARNING * * *
You are splashed with acid!
You die...

.... #..............
.....##############..............
................##..............
.#.##....#.#.#.###.##.##..##... #
#....##.#.#.#..##'############
.....#................#
.....#.##.#.##†#......#
..........#....#J.....#
...##.#.#...#...@....## .
....#.#.>.#.##.#####
...#............#
....#....#.#†#...#
......##.#.#.#.#.##
#..#...........#..#
.#.#.#.#.##.#.....#
.....#.#....#.##..#
..................#


You could see a jelly.

Vanquished Creatures
  An orc warrior (D:5)
  An ice beast (D:5)
  An ogre (D:5)
  A scorpion (D:6)
  A howler monkey (D:4)
  A hound (D:5)
  A jelly (D:4)
  A sleepcap (D:6)
  2 iguanas
  3 orc wizards (D:5)
  3 gnolls
  14 adders
  A river rat (D:3)
  A shadow imp (D:5)
  An ufetubus (D:5)
  2 dart slugs
  10 orcs
  7 ball pythons
  5 bats
  8 endoplasms
  10 giant cockroaches
  7 goblins
  9 hobgoblins
  8 jackals
  6 kobolds
  3 quokkas
  3 frilled lizards
  6 rats
117 creatures vanquished.

Notes
Turn   | Place    | Note
-------+----------+-------------------------------------------
     0 | D:1      | jimonade the Djinni Warper began the quest for the Orb.
     0 | D:1      | jimonade set off with the following spells memorised:
                  | Blink, Lesser Beckoning, Vhi's Electric Charge, Teleport
                  | Other, Manifold Assault.
     0 | D:1      | Reached XP level 1. HP: 18/18 MP: 0/0
    78 | D:1      | Reached XP level 2. HP: 15/23 MP: 0/0
   429 | D:1      | Reached XP level 3. HP: 23/28 MP: 0/0
   429 | D:1      | Learned a level 1 spell: Kiss of Death
  1267 | D:2      | Reached XP level 4. HP: 13/33 MP: 0/0
  1645 | D:2      | Reached XP level 5. HP: 38/39 MP: 0/0
  1645 | D:2      | Learned a level 2 spell: Call Imp
  1922 | D:2      | Reached skill level 1 in Axes
  2295 | D:3      | Found a glowing golden altar of the Shining One.
  2717 | D:3      | Found a glowing drain.
  3309 | D:4      | Identified the +0 robe "Komuhase" {Harm rN+}
  3366 | D:4      | Reached XP level 6. HP: 37/45 MP: 0/0
  4151 | D:5      | Entered Level 5 of the Dungeon
  4482 | D:5      | Reached XP level 7. HP: 29/49 MP: 0/0
  4482 | D:5      | Learned a level 2 spell: Ensorcelled Hibernation
  4666 | D:5      | HP: 1/50 [ogre/+0 giant club (6)]
  5219 | D:5      | Found a transporter.
  5224 | D:5      | Noticed bande's ghost (amateur GrFi)
  5318 | D:5      | Found a transporter.
  5385 | D:5      | Found a stormy altar of Qazlal.
  5444 | D:5      | Found an iron altar of Okawaru.
  5444 | D:5      | Found a hazy altar of Hepliaklqana.
  5580 | D:5      | Became a worshipper of Warmaster Okawaru
  5647 | D:5      | Reached XP level 8. HP: 41/48 MP: 0/0
  5801 | D:6      | Found a staircase to the Ecumenical Temple.
  5977 | D:6      | Splashed by a jelly's acid

Illustrated notes

Levels and vault maps discovered:
D:1:      dpeg_arrival_leaves_temple_mockup, layout_loops_ring
D:2:      layout_loops_ring, minmay_puff
D:3:      layout_loops_corners, tso_metal_star, portal_sewer_entry_b
D:4:      layout_basic
D:5:      layout_basic, palyth_temple_overflow_mages, lemuel_crystal_altar,
          mainiacjoe_overflow_large_starburst, gammafunk_ghost_stat_death,
          hex_intersection, chequers_serial_rivers_micro_c
D:6:      layout_gridville, minmay_temple_entry_ruins, serial_shops,
          kennysheep_mini, corner_web_ring

Skill      XL: |  1  2  3  4  5  6  7  8 |
---------------+-------------------------+-----
Spellcasting   | 3 4 |  4.0
Short Blades   | 2 3 |  3.1
Dodging        | 3 4 |  4.1
Axes           | 1 2 |  2.8
Armour         | 2 3 |  3.4
Fighting       | 3 |  3.9
Throwing       | |  0.7
Stealth        | |  0.9

Action                     |  1- 3 |  4- 6 |  7- 9 || total
---------------------------+-------+-------+-------++-------
  Melee: Short sword       |   119 |       |       ||   119
         Hand axe          |    22 |   174 |       ||   196
         Punch             |     1 |     1 |     1 ||     3
         Dagger            |       |    26 |   113 ||   139
   Cast: Kiss of Death     |       |     1 |     2 ||     3
         Ensorcelled Hiber |       |       |     6 ||     6
         Blink             |       |       |     1 ||     1
         Vhi's Electric Ch |       |       |     1 ||     1
    Use: Scroll            |       |     5 |       ||     5
   Stab: Sleeping          |       |       |     1 ||     1
 Armour: Leather armour    |    38 |    68 |    19 ||   125
  Dodge: Dodged            |    83 |   125 |    55 ||   263

Table legend: (Time is in decaauts)
 A = Elapsed time spent in this place.
 B = Non-inter-level travel time spent in this place.
 C = Inter-level travel time spent in this place.
 D = Time resting spent in this place.
 E = Time spent auto-exploring this place.
 F = Levels seen in this place.
 G = Mean time per level.
                   A        B        C        D        E       F      G
               +--------+--------+--------+--------+--------+-----+--------+
         Total |   6002 |   5706 |    296 |    338 |   4226 |   6 | 1000.3 |
       Dungeon |   6002 |   5706 |    296 |    338 |   4226 |   6 | 1000.3 |
               +--------+--------+--------+--------+--------+-----+--------+

Top non-repeatable levels by time:
     D:4: 1528 daAuts
     D:5: 1188 daAuts
     D:1: 1082 daAuts
     D:3: 1055 daAuts
     D:2: 951 daAuts
     D:6: 197 daAuts
